 Dungeon Crawl Stone Soup version 0.29.1-2-gbd0b4ee654 (webtiles) character file.

Game seed: 11702757612869013460

147 mcbry74 the Slasher (level 5, 0/41 HPs)
             Began as a Merfolk Gladiator on Oct 27, 2022.
             Was a Plaything of Xom.
             Splashed by a jelly's acid (9 damage)
             ... on level 3 of the Dungeon.
             The game lasted 00:09:07 (3104 turns).

mcbry74 the Slasher (Merfolk Gladiator)             Turns: 3104, Time: 00:09:09

Health: 0/41       AC:  4    Str: 14    XL:     5   Next: 29%
Magic:  5/5        EV:  7    Int:  8    God:    Xom [..*...]
Gold:   171        SH:  0    Dex: 17    Spells: 4/4 levels left

rFire   . . .      SeeInvis .   a - +0 long sword
rCold   . . .      Faith    .   (no shield)
rNeg    . . .      Spirit   .   n - +0 chain mail
rPois   .          Reflect  .   c - +0 helmet
rElec   .          Harm     .   j - +1 cloak
rCorr   .          Rampage  .   (no gloves)
Will    .....                   u - +0 pair of boots
Stlth   ..........              r - amulet of regeneration
HPRegen 0.93/turn               (no ring)
MPRegen 0.09/turn               (no ring)

@: corroded
A: (nimble swimmer 2), mertail
a: Renounce Religion


You were on level 3 of the Dungeon.
You worshipped Xom.
You were a toy of Xom.
You visited 1 branch of the dungeon, and saw 4 of its levels.

You collected 171 gold pieces.

Inventory:

Hand Weapons
 a - a +0 long sword (weapon)
Missiles
 d - 3 throwing nets
 e - a javelin
 l - 6 boomerangs (quivered)
Armour
 b - a +0 leather armour
 c - a +0 helmet (worn)
 j - a +1 cloak (worn)
 n - a +0 chain mail (worn)
 u - a +0 pair of boots (worn)
Jewellery
 r - an amulet of regeneration (around neck)
 y - a ring of fire
Scrolls
 f - a scroll of vulnerability {unknown}
 g - 2 scrolls of teleportation {unknown}
 i - 3 scrolls of identify {unknown}
 k - a scroll of brand weapon {unknown}
 m - 2 scrolls of enchant armour {unknown}
 p - 2 scrolls of fear {unknown}
 s - a scroll of noise {unknown}
 w - a scroll of enchant weapon {unknown}
 x - 2 scrolls of butterflies {unknown}
Potions
 h - a potion of mutation {unknown}
 o - 3 potions of attraction {unknown}
 q - a potion of heal wounds {unknown}
 t - a potion of flight {unknown}
 v - a potion of brilliance {unknown}


   Skills:
 + Level 3.1 Fighting
 * Level 5.1 Long Blades
 + Level 2.4 Throwing
 + Level 1.2 Armour
 + Level 4.9 Dodging


You had 4 spell levels left.
You didn't know any spells.
Your spell library contained the following spells:

 Spells                   Type           Power      Damage    Failure   Level
 Apportation              Tloc           0%         N/A       100%        1
 Necrotise                Necr           0%         1d4       100%        1
 Summon Small Mammal      Summ           0%         N/A       100%        1
 Inner Flame              Hex/Fire       0%         N/A       100%        3
 Cause Fear               Hex            0%         N/A       100%        4
 Discord                  Hex            0%         N/A       100%        8


Dungeon Overview and Level Annotations

Branches:
Dungeon (4/15)
 Temple: D:4-7

Altars:
Nemelex Xobeh
Xom

Shops:
D:3 *


Innate Abilities, Weirdness & Mutations

((You are very nimble when in or above water. (Stealth+, EV+, Speed+++)))
Your lower body shifts to a powerful aquatic tail in water.


Message History

The jelly is lightly wounded.
The ball python bites you but does no damage.
The ball python constricts you. The jelly hits you.
You are splashed with acid!
The ball python completely misses you. The ball python constricts you.
You hit the jelly.
Your hands burn!
* * * LOW HITPOINT WARNING * * *
The jelly is moderately wounded.
The ball python bites you.
* * * LOW HITPOINT WARNING * * *
The ball python constricts you. The jelly hits you.
* * * LOW HITPOINT WARNING * * *
You are splashed with acid!
* * * LOW HITPOINT WARNING * * *
You escape the ball python's grasp.
The jelly attacks as you move away! The jelly hits you but does no damage.
The jelly attacks as you move away! The jelly barely misses you.
You see here a +0 ring mail.
The jelly attacks as you move away! The jelly hits you but does no damage.
The ball python barely misses you. x2
There is a stone staircase leading down here.
The ball python attacks as you move away!
The ball python bites you.
* * * LOW HITPOINT WARNING * * *
The ball python barely misses you. The ball python grabs you.
The ball python constricts you.
You escape the ball python's grasp.
The jelly attacks as you move away! The jelly hits you but does no damage.
The jelly attacks as you move away! The jelly hits you but does no damage.
There is a stone staircase leading up here.
The jelly hits you but does no damage.
You climb upwards.
There is a stone staircase leading down, spattered with blood here.
You hit the jelly.
Your hands burn!
* * * LOW HITPOINT WARNING * * *
The jelly is moderately wounded.
The jelly hits you.
* * * LOW HITPOINT WARNING * * *
The acid corrodes you!
You are splashed with acid!
You die...
Xom bursts into laughter!

#.#...<# #..##.)......#
#.#....# ##.##.......)#
#.##..## #.##........#
#.###.# #.#####.##### #.#
#.# #.# #...### #.# #.###
#.# ###<... ##.###...# #.#
##### ##...##...## #.#
###### ##........@.###.#
#..... #.........J..##.#
#.####
#............##.######.###.
#..........................
##..∩........##.####...####
##)..##...#.##.####.##...)
#.######.#.##.##.......##
#.# #.#.##.##.##....# #.#
#...##.#..##.>..#


You could see a jelly.

Vanquished Creatures
  A hound (D:3)
  Terence (D:3)
  An adder (D:2)
  A shadow imp (D:4)
  An ufetubus (D:3)
  A worm (D:4)
  4 dart slugs
  4 ball pythons
  4 bats
  8 endoplasms
  5 giant cockroaches
  5 goblins
  4 hobgoblins
  2 jackals (D:2)
  4 kobolds
  2 quokkas
  5 frilled lizards
  4 rats
57 creatures vanquished.

Notes
Turn   | Place    | Note
-------+----------+-------------------------------------------
     0 | D:1      | mcbry74 the Merfolk Gladiator began the quest for the Orb.
     0 | D:1      | Reached XP level 1. HP: 16/16 MP: 1/1
   175 | D:1      | Reached XP level 2. HP: 23/23 MP: 2/2
   213 | D:1      | Reached skill level 4 in Long Blades
   685 | D:1      | Reached XP level 3. HP: 28/28 MP: 3/3
   719 | D:1      | Found a faded altar of an unknown god.
   721 | D:1      | Prayed at the altar of an unknown god.
   721 | D:1      | Became a worshipper of Xom of Chaos
   737 | D:1      | XOM: silly message
  1078 | D:2      | XOM: silly message
  1348 | D:2      | XOM: silly message
  1793 | D:2      | Found a sparkling altar of Nemelex Xobeh.
  1990 | D:2      | XOM: confuse monster(s)
  2339 | D:2      | XOM: cloud trail
  2401 | D:3      | Reached XP level 4. HP: 34/34 MP: 4/4
  2469 | D:3      | Noticed Terence
  2487 | D:3      | Killed Terence
  2488 | D:3      | Reached skill level 1 in Armour
  2503 | D:3      | XOM: noise
  2546 | D:3      | Found Reyxuaf's Assorted Antiques.
  2627 | D:3      | XOM: god gift: dagger {god gift}
  2901 | D:3      | Reached skill level 5 in Long Blades
  2901 | D:3      | Reached XP level 5. HP: 31/41 MP: 5/5
  3088 | D:4      | HP: 1/41 [acid (9)]
  3104 | D:3      | Splashed by a jelly's acid

Illustrated notes

Levels and vault maps discovered:
D:1:      shiori_shiawase, layout_basic, chequers_ecumenical_altar_twisty
D:2:      layout_basic, basic_altar, columned_hall_lemuel
D:3:      layout_rooms, serial_shops, shop, chequers_serial_rivers_micro_a,
          fountainhead, kennysheep_generic_room_9, uniq_terence
D:4:      layout_rooms, serial_demonic, serial_demonic_a, serial_demonic_b,
          serial_demonic_e, serial_demonic_g, serial_shops, nicolae_shop_trees,
          minmay_misc_feat_five, grunt_ministairs_4, corner_web_ring,
          serial_bayou_pond_d, kennysheep_pointless_box, minmay_pentomino_pile

Skill      XL: |  1  2  3  4 |
---------------+-------------+-----
Long Blades    | 4 5 |  5.1
Armour         | 1 |  1.2
Fighting       | 3 |  3.1
Throwing       | |  2.4
Dodging        | |  4.9

Action                   |  1- 3 |  4- 6 || total
-------------------------+-------+-------++-------
Melee: Long sword        |   124 |    59 ||   183
       Tailslap          |       |     1 ||     1
Throw: Boomerang         |       |     5 ||     5
 Stab: Sleeping          |     2 |       ||     2
Armor: Leather armour    |    52 |     9 ||    61
       Chain mail        |       |    45 ||    45
Dodge: Dodged            |   108 |    46 ||   154
